 Dungeon Crawl Stone Soup version 0.19.5 (webtiles) character file.

140 Hybris the Chopper (level 5, 0/47 HPs)
             Began as a Hill Orc Fighter on Mar 21, 2017.
             Was an Initiate of Nemelex Xobeh.
             Slain by Uberchile's ghost (5 damage)
             ... on level 3 of the Dungeon.
             The game lasted 00:08:22 (2653 turns).

Hybris the Chopper (Hill Orc Fighter)               Turns: 2653, Time: 00:08:23

Health: 0/47       AC:  8    Str: 20    XL:     5   Next: 23%
Magic:  5/5        EV:  7    Int:  8    God:    Nemelex Xobeh [......]
Gold:   184        SH:  9    Dex: 10    Spells: 0 memorised, 4 levels left

rFire  . . .     SeeInvis .     a - +0 war axe
rCold  . . .     Gourm    .     b - +0 scale mail
rNeg   . . .     Faith    .     c - +0 shield
rPois  .         Spirit   .     t - +0 helmet
rElec  .         Reflect  .     (no cloak)
rCorr  .         Harm     .     (no gloves)
MR     .....                    (no boots)
Stlth  ..........               x - amulet of magic regeneration
                                (no ring)
                                (no ring)

@: no status effects
A: no striking features
a: Renounce Religion


You were on level 3 of the Dungeon.
You worshipped Nemelex Xobeh.
Nemelex Xobeh was noncommittal.
You were not hungry.

You visited 1 branch of the dungeon, and saw 3 of its levels.

You collected 184 gold pieces.

Inventory:

Hand Weapons
 a - a +0 war axe (weapon)
Armour
 b - a +0 scale mail (worn)
 c - a +0 shield (worn)
 t - a +0 helmet (worn)
Jewellery
 x - an amulet of magic regeneration (around neck)
Wands
 A - a wand of heal wounds (0/9)
Scrolls
 e - 2 scrolls of random uselessness {unknown}
 g - a scroll of amnesia {unknown}
 k - a scroll of remove curse {unknown}
 l - 3 scrolls of identify
 m - a scroll of fear {unknown}
 n - a scroll of recharging {unknown}
 q - 2 scrolls of teleportation {unknown}
 y - a scroll of enchant armour {unknown}
Potions
 d - a potion of might
 h - 2 potions of haste {unknown}
 i - 3 potions of agility {unknown}
 o - 2 potions of heal wounds {unknown}
 p - a potion of lignification
 r - 2 potions of invisibility {unknown}
 s - a potion of brilliance {unknown}
Miscellaneous
 u - a plain deck of summoning
Comestibles
 f - 2 bread rations
 j - 2 beef jerkies
 v - a meat ration
 w - a royal jelly
 z - a chunk of flesh


   Skills:
 - Level 4.8 Fighting
 * Level 5.8 Axes
 - Level 3.2 Armour
 + Level 3.4 Shields


You had 4 spell levels left.
You didn't know any spells.

Dungeon Overview and Level Annotations

Branches:
Dungeon (3/15)

Altars:
Ashenzari
Kikubaaqudgha
Nemelex Xobeh
Xom
Zin

Annotations:
D:3 Uberchile's ghost, amateur DsFi


Message History

Uberchile's ghost barely misses you. Uberchile's ghost hits you!
* * * LOW HITPOINT WARNING * * *
You are too injured to fight recklessly!
You are too injured to fight recklessly!
You are too injured to fight recklessly!
You hit Uberchile's ghost but do no damage.
Uberchile's ghost is almost destroyed.
Uberchile's ghost hits you!
* * * LOW HITPOINT WARNING * * *
Your shield prevents you from hitting Uberchile's ghost.
Uberchile's ghost is almost destroyed.
Uberchile's ghost hits you but does no damage.
You hit Uberchile's ghost but do no damage.
Uberchile's ghost is almost destroyed.
You block Uberchile's ghost's attack.
You hit Uberchile's ghost.
Uberchile's ghost is almost destroyed.
Uberchile's ghost hits you.
You die...
Your body disappears without a glow.

#.# #.#
#.# #.#
#.# #.#
###.###.##
.........#
####.##@.#
#
#.....W..#
#
#.###....#
# #
......#
.###....
.. ..>###
. .####


You could see Uberchile's ghost.

Vanquished Creatures
  Terence (D:3)
  Robin (D:2)
  5 adders
  An ooze (D:2)
  A dart slug (D:1)
  4 leopard geckos
  2 orcs (D:3)
  2 giant cockroaches (D:1)
  8 hobgoblins
  3 kobolds
  A quokka (D:2)
  A ball python (D:1)
  4 bats
  2 frilled lizards
  10 goblins
  2 rats (D:2)
48 creatures vanquished.

Notes
Turn   | Place    | Note
-------+----------+-------------------------------------------
     0 | D:1      | Hybris the Hill Orc Fighter began the quest for the Orb.
     0 | D:1      | Reached XP level 1. HP: 19/19 MP: 1/1
    11 | D:1      | Reached skill level 3 in Axes
   118 | D:1      | Reached XP level 2. HP: 27/27 MP: 2/2
  1113 | D:2      | Reached skill level 4 in Axes
  1113 | D:2      | Reached XP level 3. HP: 31/33 MP: 3/3
  1129 | D:2      | Noticed Robin
  1378 | D:2      | Killed Robin
  1467 | D:2      | Reached XP level 4. HP: 37/41 MP: 4/4
  1482 | D:2      | Reached skill level 5 in Axes
  2046 | D:3      | Noticed Uberchile's ghost (amateur DsFi)
  2049 | D:3      | Noticed Terence
  2266 | D:3      | Found a glowing silver altar of Zin.
  2266 | D:3      | Found a sparkling altar of Nemelex Xobeh.
  2266 | D:3      | Found an ancient bone altar of Kikubaaqudgha.
  2266 | D:3      | Found a shimmering altar of Xom.
  2266 | D:3      | Found a shattered altar of Ashenzari.
  2285 | D:3      | Became a worshipper of Nemelex Xobeh the Trickster
  2315 | D:3      | Received a gift from Nemelex Xobeh
  2370 | D:3      | Reached XP level 5. HP: 45/47 MP: 5/5
  2481 | D:3      | Killed Terence
  2653 | D:3      | Slain by Uberchile's ghost

Skill      XL: |  1  2  3  4 |
---------------+-------------+-----
Axes           | 3 4 5 |  5.8
Fighting       | 4 |  4.8
Armour         | |  3.2
Shields        | |  3.4

Action                   |  1- 3 |  4- 6 || total
-------------------------+-------+-------++-------
Melee: War axe           |    77 |   100 ||   177
  Use: Scroll            |       |     1 ||     1
  Eat: Chunk             |     2 |     4 ||     6
Armor: Scale mail        |    45 |    39 ||    84
Dodge: Dodged            |    25 |    33 ||    58
Block: Shield            |    38 |    46 ||    84
